 Dungeon Crawl Stone Soup version 0.29-a0-512-gf59ac788ac (webtiles) character file.

Game seed: 4521641428870278093

5 pokeman the Magician (level 1, 0/10 HPs)
             Began as a Deep Elf Hedge Wizard on May 29, 2022.
             Slain by a kobold
             ... wielding a +0 short sword
              (5 damage)
             ... on level 1 of the Dungeon.
             The game lasted 00:00:15 (104 turns).

pokeman the Magician (Deep Elf Hedge Wizard)         Turns: 104, Time: 00:00:16

Health: 0/10       AC:  2    Str:  7    XL:     1   Next: 66%
Magic:  6/8        EV: 12    Int: 18    God:
Gold:   0          SH:  0    Dex: 14    Spells: 8/9 levels left

rFire   . . .      SeeInvis .   a - +0 dagger
rCold   . . .      Faith    .   (no shield)
rNeg    . . .      Spirit   .   b - +0 robe
rPois   .          Reflect  .   c - +0 hat
rElec   .          Harm     .   (no cloak)
rCorr   .          Rampage  .   (no gloves)
Will    .....                   (no boots)
Stlth   ++........              (no amulet)
HPRegen 0.03/turn               (no ring)
MPRegen 0.11/turn               (no ring)

@: no status effects
A: no striking features
a: no special abilities


You were on level 1 of the Dungeon.
You visited 1 branch of the dungeon, and saw 1 of its levels.

Inventory:

Hand Weapons
 a - a +0 dagger (weapon)
Armour
 b - a +0 robe (worn)
 c - a +0 hat (worn)
Potions
 d - a potion of magic


   Skills:
 + Level 0.2 Fighting
 + Level 0.2 Armour
 - Level 2.4 Dodging
 - Level 2.4 Stealth
 * Level 4.6 Spellcasting
 + Level 1.2 Conjurations
 - Level 1.1 Summonings
 - Level 1.1 Translocations


You had 8 spell levels left.
You knew the following spells:

 Your Spells              Type           Power      Damage    Failure   Level
a - Magic Dart            Conj           32%        1d4       9%          1

Your spell library contained the following spells:

 Spells                   Type           Power      Damage    Failure   Level
 Blink                    Tloc           16%        N/A       13%         2
 Call Imp                 Summ           8%         N/A       13%         2
 Slow                     Hex            16%        N/A       14%         1
 Conjure Flame            Conj/Fire      6%         6-21      32%         3
 Mephitic Cloud           Conj/Pois/Air  5%         N/A       34%         3


Dungeon Overview and Level Annotations

Branches:
Dungeon (1/15)

Altars:


Message History

Unknown command.
You hit the hobgoblin but do no damage.
The hobgoblin is almost dead.
The hobgoblin hits you.
You hit the hobgoblin but do no damage.
The hobgoblin is almost dead.
The hobgoblin barely misses you.
You hit the hobgoblin but do no damage.
The hobgoblin is almost dead.
The hobgoblin barely misses you.
You hit the hobgoblin but do no damage.
The hobgoblin is almost dead.
The hobgoblin hits you but does no damage.
The rat twitches its whiskers.
You hit the hobgoblin but do no damage.
The hobgoblin is almost dead.
The hobgoblin hits you.
You hit the hobgoblin.
You kill the hobgoblin!
Your magical contamination has completely faded away.
You barely miss the rat. The rat bites you.
* * * LOW HITPOINT WARNING * * *
You hit the rat.
You kill the rat!
There is an open door, spattered with blood here.
You see here a hobgoblin corpse.
A kobold comes into view. It is wielding a +0 short sword.
You barely miss the kobold.
The kobold shouts!
The kobold barely misses you.
Casting: Magic Dart (safe; 9% risk of failure)
Confirm with . or Enter, or press ? or * to list all spells.
Aiming: Magic Dart (safe; 9% risk of failure)
Press: ? - help, Shift-Dir - straight line, f - kobold
Aim: a kobold, wielding a +0 short sword and quivering stones (100% to hit)
The magic dart hits the kobold.
The kobold is moderately wounded.
The kobold hits you with a +0 short sword.
Ouch! That really hurt!
You die...

.# !# .. # .#
#.#####)#
#.......#
#...K..# #@#
##.## #...#
#...# #...#
##...##
#####..P..#####
#.............#
.....P.<.P.....+


You could see a kobold.

Vanquished Creatures
  A goblin (D:1)
  2 hobgoblins (D:1)
  A bat (D:1)
  A rat (D:1)
5 creatures vanquished.

Notes
Turn   | Place    | Note
-------+----------+-------------------------------------------
     0 | D:1      | pokeman the Deep Elf Hedge Wizard began the quest for the
                  | Orb.
     0 | D:1      | Reached XP level 1. HP: 10/10 MP: 7/7
   104 | D:1      | Slain by a kobold

Illustrated notes

Levels and vault maps discovered:
D:1:      evilmike_arrival_plus, layout_loops_cross,
          ebering_ecumenical_altar_hall, hangedman_abyss_or_decor_lesser_grid

Action                   || total
-------------------------++-------
Melee: Dagger            ||     9
 Cast: Magic Dart        ||    10
Armor: Robe              ||     1
Dodge: Dodged            ||     6

Table legend: (Time is in decaauts)
 A = Elapsed time spent in this place.
 B = Non-inter-level travel time spent in this place.
 C = Inter-level travel time spent in this place.
 D = Time resting spent in this place.
 E = Time spent auto-exploring this place.
 F = Levels seen in this place.
 G = Mean time per level.
                   A        B        C        D        E       F      G
               +--------+--------+--------+--------+--------+-----+--------+
         Total |    104 |    104 |      0 |      0 |     79 |   1 |  104.0 |
       Dungeon |    104 |    104 |      0 |      0 |     79 |   1 |  104.0 |
               +--------+--------+--------+--------+--------+-----+--------+

Top non-repeatable levels by time:
     D:1: 104 daAuts
